[Event "December 19 Late 2023"]
[Site "https://www.chess.com"]
[Date "2023.12.19"]
[Round "9"]
[White "Aghasiyev, Kamal"]
[Black "Korol, Dimitry"]
[Result "1-0"]
[Board "91"]
[TimeControl "180+1"]
[WhiteFideId "13402854"]
[BlackFideId "14108003"]
[WhiteElo "2196"]
[BlackElo "2262"]
[WhiteTeam "AZE"]
[BlackTeam "UKR"]
[WhiteClock "0:00:10"]
[BlackClock "0:00:00"]

1. d4 Nf6 2. c4 c5 3. d5 b5 4. Qc2 bxc4 5. e4 d6 6. Nf3 g6 7. Nc3 Bg7 8. Be2 O-O 9. O-O Nbd7 10. Nd2 Nb6 11. a4 a5 12. Nxc4 e6 13. Nxb6 Qxb6 14. Bf4 exd5 15. exd5 Bf5 16. Bd3 Bxd3 17. Qxd3 Nh5 18. Bd2 Rfe8 19. Nb5 Bxb2 20. Rab1 Bg7 21. Bc3 Bxc3 22. Nxc3 Qa6 23. Nb5 Rac8 24. g3 Nf6 25. Qf3 Kg7 26. Rfe1 Rxe1+ 27. Rxe1 Re8 28. Rd1 Re5 29. Qc3 h5 30. f4 Rf5 31. Re1 Kg8 32. Re7 Qa8 33. Nxd6 Qxd5 34. Nxf5 Qxf5 35. Re5 Qb1+ 36. Qe1 Qb2 37. Qe2 Qd4+ 38. Kg2 Ng4 39. Re8+ Kg7 40. Re4 Qd5 41. Kg1 h4 42. Re8 f5 43. Qb2+ 1-0

[Event "December 19 Late 2023"]
[Site "https://www.chess.com"]
[Date "2023.12.19"]
[Round "9"]
[White "Ibadov, Dashgyn"]
[Black "Chess_Star1234"]
[Result "0-1"]
[Board "92"]
[TimeControl "180+1"]
[WhiteFideId "24107514"]
[WhiteElo "2183"]
[BlackElo "2351"]
[WhiteTeam "FID"]
[WhiteClock "0:00:01"]
[BlackClock "0:00:07"]

1. e4 e5 2. Nf3 Nc6 3. d4 exd4 4. Nxd4 Bc5 5. Nb3 Bb6 6. Qe2 d6 7. Nc3 Be6 8. Be3 Nf6 9. O-O-O O-O 10. f3 Ne5 11. Kb1 Re8 12. Nd4 Bc4 13. Qd2 Bxf1 14. Rhxf1 Nc4 15. Qd3 Nxe3 16. Qxe3 Qe7 17. Qd3 Bxd4 18. Qxd4 Qe5 19. Qg1 c6 20. g4 h6 21. h4 Qf4 22. g5 hxg5 23. hxg5 Nh5 24. Ne2 Qe5 25. Qg4 g6 26. Nd4 Rad8 27. Nf5 Qf4 28. Qxf4 Nxf4 29. Nxd6 Re7 30. c4 Red7 31. c5 Ne6 32. b4 Nxg5 33. Kc2 b6 34. e5 Ne6 35. cxb6 axb6 36. a4 Ra7 37. Kb3 Rda8 38. Ra1 c5 39. b5 Nd4+ 40. Kc4 Rxa4+ 41. Rxa4 Rxa4+ 42. Kd5 Rb4 43. Ne4 Nxb5 44. Nf6+ Kg7 45. Rh1 Nc3+ 46. Kc6 g5 47. Rh7+ Kg6 48. Rh8 Ne2 49. Rg8+ Kf5 50. Rg7 Kxe5 51. Rxf7 Nd4+ 52. Kc7 Ke6 53. Rf8 Ke7 54. Nd5+ Kxf8 0-1

[Event "December 19 Late 2023"]
[Site "https://www.chess.com"]
[Date "2023.12.19"]
[Round "9"]
[White "Przybylski, Wojciech"]
[Black "Fernandez Bustamante, Leancy B."]
[Result "1-0"]
[Board "93"]
[TimeControl "180+1"]
[WhiteFideId "1117599"]
[BlackFideId "3523870"]
[WhiteElo "2203"]
[BlackElo "2049"]
[WhiteTeam "POL"]
[BlackTeam "CUB"]
[WhiteClock "0:01:34"]
[BlackClock "0:00:17"]

1. e4 c5 2. Nf3 a6 3. c3 d5 4. e5 Bf5 5. d4 e6 6. dxc5 Bxc5 7. Nd4 Bg6 8. h4 h6 9. h5 Bh7 10. Qg4 Bxb1 11. Qxg7 Bxd4 12. Qxh8 Kf8 13. cxd4 Ke7 14. Rxb1 Qa5+ 15. Bd2 Qxa2 16. Bd3 Nc6 17. O-O Nxd4 18. Bb4+ Kd7 19. Qg7 Nc6 20. Qxf7+ Nge7 21. Bd6 Qb3 22. Rbc1 Qxd3 23. Rxc6 Kxc6 24. Qxe7 Rg8 25. Qc7+ Kb5 26. Qc5+ Ka4 27. Qb4# 1-0

[Event "December 19 Late 2023"]
[Site "https://www.chess.com"]
[Date "2023.12.19"]
[Round "9"]
[White "Biernacki, Mark"]
[Black "Soderstrom, Adrian"]
[Result "0-1"]
[Board "94"]
[TimeControl "180+1"]
[WhiteFideId "2082322"]
[BlackFideId "1745786"]
[WhiteElo "1965"]
[BlackElo "2154"]
[WhiteTeam "USA"]
[BlackTeam "SWE"]
[WhiteClock "0:00:32"]
[BlackClock "0:02:06"]

1. e4 e6 2. d4 d5 3. exd5 exd5 4. h3 Nc6 5. Nf3 Bd6 6. c4 Bf5 7. a3 Qe7+ 8. Be3 O-O-O 9. cxd5 Bg3 10. Qb3 Na5 11. Qc3 Nf6 12. Ne5 Nxd5 13. Qxa5 Nxe3 14. Qxa7 Nc2+ 15. Kd2 Rxd4+ 16. Kc1 Bf4+ 17. Nd2 Bxd2+ 18. Kb1 Qxe5 19. Qa8+ Kd7 20. Qxh8 Nb4+ 21. Bd3 Bxd3# 0-1

[Event "December 19 Late 2023"]
[Site "https://www.chess.com"]
[Date "2023.12.19"]
[Round "9"]
[White "Mazurkiewicz, Michal"]
[Black "GirthyHuell"]
[Result "1-0"]
[Board "96"]
[TimeControl "180+1"]
[WhiteFideId "1124943"]
[WhiteElo "2103"]
[BlackElo "2304"]
[WhiteTeam "POL"]
[WhiteClock "0:00:38"]
[BlackClock "0:01:17"]

1. e4 c5 2. Nf3 e6 3. d3 a6 4. a4 Qc7 5. g3 Nc6 6. Bg2 Nf6 7. O-O h5 8. Re1 d6 9. c3 b6 10. d4 cxd4 11. cxd4 Bb7 12. Nc3 h4 13. Nxh4 Rxh4 14. gxh4 e5 15. d5 Nd4 16. Be3 Qc4 17. Bxd4 exd4 18. e5 dxe5 19. Rxe5+ Be7 20. Qe1 O-O-O 21. Rxe7 dxc3 22. Rc1 Nxd5 23. Rxc3 Nxc3 24. Bxb7+ Kb8 25. Qe5+ Ka7 26. Bc6+ Rd7 27. Rxd7# 1-0

[Event "December 19 Late 2023"]
[Site "https://www.chess.com"]
[Date "2023.12.19"]
[Round "9"]
[White "Gasparyan, David"]
[Black "Shapiro, Daniel"]
[Result "1-0"]
[Board "97"]
[TimeControl "180+1"]
[WhiteFideId "13311980"]
[BlackFideId "2001780"]
[WhiteElo "2444"]
[BlackElo "2303"]
[WhiteTeam "USA"]
[BlackTeam "USA"]
[WhiteClock "0:01:21"]
[BlackClock "0:00:00"]

1. d4 Nf6 2. c4 e6 3. Nf3 d5 4. e3 Be7 5. Bd3 O-O 6. O-O b6 7. cxd5 exd5 8. a3 c5 9. b3 Ba6 10. Ne5 Bxd3 11. Qxd3 Qc7 12. Bb2 Nbd7 13. Nd2 Rad8 14. h3 Rfe8 15. Rac1 Qb7 16. Qf5 g6 17. Qf3 Nxe5 18. dxe5 Nd7 19. Rfd1 Bf8 20. Nc4 Qb8 21. Rxd5 Bg7 22. Rcd1 Nxe5 23. Bxe5 Bxe5 24. Rxd8 Rxd8 25. Rxd8+ Qxd8 26. Nxe5 1-0

[Event "December 19 Late 2023"]
[Site "https://www.chess.com"]
[Date "2023.12.19"]
[Round "9"]
[White "Cardozo Munar, Carlos Eduardo"]
[Black "Figorito, Nick"]
[Result "0-1"]
[Board "98"]
[TimeControl "180+1"]
[WhiteFideId "4409477"]
[BlackFideId "30923689"]
[WhiteElo "2067"]
[BlackElo "2404"]
[WhiteTeam "COL"]
[BlackTeam "USA"]
[WhiteClock "0:00:08"]
[BlackClock "0:01:31"]

1. g3 Nf6 2. Bg2 g6 3. Nf3 Bg7 4. O-O O-O 5. d4 d5 6. c3 c5 7. Nbd2 cxd4 8. cxd4 Nc6 9. Re1 Bf5 10. a3 Qb6 11. e3 Rac8 12. b4 Ne4 13. Nxe4 Bxe4 14. Nd2 Bxg2 15. Kxg2 e5 16. Bb2 exd4 17. Nb3 dxe3 18. Bxg7 Kxg7 19. Rxe3 d4 20. Rd3 Rcd8 21. Qf3 Ne5 22. Qd1 Nxd3 23. Qxd3 Qc6+ 24. Kg1 Qc3 25. Qd1 d3 26. Rc1 Qe5 27. Qd2 Qe2 28. Qc3+ Kg8 29. b5 Rc8 30. Qxc8 Rxc8 31. Rxc8+ Kg7 32. Nc1 Qe1+ 33. Kg2 d2 34. Nd3 Qe4+ 0-1

[Event "December 19 Late 2023"]
[Site "https://www.chess.com"]
[Date "2023.12.19"]
[Round "9"]
[White "Melamed, Daniel"]
[Black "ajian"]
[Result "0-1"]
[Board "99"]
[TimeControl "180+1"]
[WhiteFideId "3229076"]
[WhiteElo "1908"]
[BlackElo "2396"]
[WhiteTeam "AUS"]
[WhiteClock "0:00:00"]
[BlackClock "0:00:16"]

1. d4 a6 2. e4 Nc6 3. Nf3 b6 4. Nc3 Bb7 5. Bd3 Qb8 6. O-O Qa7 7. a4 Rc8 8. Be3 Qb8 9. Re1 g6 10. Qe2 Bg7 11. Bxa6 Nf6 12. Bd3 Nb4 13. e5 Nfd5 14. Nxd5 Bxd5 15. c4 Bxf3 16. gxf3 Nxd3 17. Qxd3 O-O 18. b4 c5 19. f4 cxb4 20. Rab1 d6 21. Rxb4 dxe5 22. fxe5 Rfd8 23. Qe4 Qc7 24. Reb1 e6 25. Kg2 Bf8 26. Rxb6 Qxc4 27. a5 Bc5 28. Rc1 Qa4 29. Rb7 Bxd4 30. Rxc8 Rxc8 31. Qxd4 Qc6+ 32. f3 Qxb7 33. Qb6 Qd5 34. a6 Rc2+ 35. Bf2 Rc3 36. Qb8+ Kg7 0-1

[Event "December 19 Late 2023"]
[Site "https://www.chess.com"]
[Date "2023.12.19"]
[Round "9"]
[White "Bogaudinov, Rushan"]
[Black "Vanek, Tomas"]
[Result "1/2-1/2"]
[Board "100"]
[TimeControl "180+1"]
[WhiteFideId "4129288"]
[BlackFideId "313459"]
[WhiteElo "1937"]
[BlackElo "2052"]
[WhiteTeam "RUS"]
[BlackTeam "CZE"]
[WhiteClock "0:00:20"]
[BlackClock "0:00:24"]

1. b3 f5 2. e4 d6 3. Bb2 e5 4. d4 Nc6 5. Bb5 exd4 6. Bxd4 Nf6 7. Nc3 Qe7 8. Nge2 Bd7 9. O-O Nxd4 10. Nxd4 c6 11. Nxf5 Bxf5 12. exf5 O-O-O 13. Bd3 Qe5 14. Qd2 Ng4 15. g3 Qf6 16. Ne4 Qd4 17. h3 Ne5 18. Kg2 d5 19. Ng5 Bb4 20. Qe3 Qxe3 21. fxe3 h6 22. Ne6 Rd7 23. Rad1 Rf7 24. g4 Nd7 25. c4 Nc5 26. cxd5 cxd5 27. Nxc5 Bxc5 28. Rc1 Rc7 29. Rfd1 Bxe3 30. Rxc7+ Kxc7 31. Kf3 d4 32. Bc4 Rd8 33. a4 a6 34. Rd3 Bg5 35. Ke4 Bf6 36. Be6 Kb6 37. Rd1 Ka5 38. Kd3 Rd6 39. Rc1 Rc6 40. Rxc6 bxc6 41. Kc4 Kb6 42. b4 a5 43. b5 cxb5+ 44. axb5 a4 45. Kb4 a3 46. Kxa3 Kxb5 47. Kb3 Kc5 48. Kc2 Kd6 49. Kd3 Ke5 50. Bf7 Kf4 51. Bh5 Kg3 52. g5 hxg5 53. Bg4 Kf4 54. Ke2 Ke4 55. Kd2 d3 56. Kd1 Ke3 57. Bh5 d2 58. Bg4 Be5 59. Bh5 Bf4 60. Bg4 Ke4 61. Bh5 Kxf5 62. Bg4+ Ke5 63. Bd7 Kd4 64. Bg4 Ke3 65. Bd7 Kf2 66. Bg4 Kg3 67. Bd7 Kh4 68. Bg4 Kg3 69. Bd7 Kh4 70. Bg4 Kg3 1/2-1/2

[Event "December 19 Late 2023"]
[Site "https://www.chess.com"]
[Date "2023.12.19"]
[Round "9"]
[White "Skibbe, Willi"]
[Black "Sailer, Mike"]
[Result "1-0"]
[Board "101"]
[TimeControl "180+1"]
[WhiteFideId "4682190"]
[BlackFideId "2012901"]
[WhiteElo "2375"]
[BlackElo "2109"]
[WhiteTeam "GER"]
[BlackTeam "USA"]
[WhiteClock "0:01:06"]
[BlackClock "0:00:00"]

1. e4 d5 2. exd5 Qxd5 3. Nf3 Bg4 4. Be2 Nc6 5. Nc3 Qf5 6. h3 Bxf3 7. Bxf3 Nf6 8. d3 e6 9. O-O Bd6 10. Bxc6+ bxc6 11. Qe2 O-O 12. Ne4 Nxe4 13. Qxe4 Qd5 14. b3 Be5 15. Rb1 a5 16. a4 f5 17. Qxd5 exd5 18. Re1 Rfe8 19. Bd2 Kf7 20. g3 Bd6 21. Rxe8 Kxe8 22. Re1+ Kf7 23. Kg2 Bb4 24. Bxb4 axb4 25. f4 g6 26. Re5 Rd8 27. Kf3 c5 28. d4 c4 29. Ke2 c3 30. Kd3 c6 31. g4 fxg4 32. hxg4 h6 33. Ke3 Rh8 34. f5 gxf5 35. Rxf5+ Ke6 36. Kf4 Rg8 37. Kg3 Rg5 38. Kh4 Rxf5 39. gxf5+ Kxf5 40. a5 c5 41. a6 cxd4 42. a7 d3 43. a8=Q d2 44. Qxd5+ Kf4 45. Qd3 Ke5 46. Kh5 Kf4 47. Kxh6 Ke5 48. Kg6 Kf4 49. Kf6 Kg4 50. Ke5 Kg5 51. Kd4 Kf4 52. Kc4 1-0

[Event "December 19 Late 2023"]
[Site "https://www.chess.com"]
[Date "2023.12.19"]
[Round "9"]
[White "Laskakis, Konstantinos"]
[Black "Novikova, Margarita"]
[Result "1-0"]
[Board "102"]
[TimeControl "180+1"]
[WhiteFideId "42134374"]
[BlackFideId "14109689"]
[WhiteElo "2372"]
[BlackElo "2090"]
[WhiteTeam "GRE"]
[BlackTeam "GER"]
[WhiteClock "0:00:38"]
[BlackClock "0:00:00"]

1. d4 g6 2. c4 Bg7 3. Nc3 d6 4. Nf3 Bg4 5. g3 Nc6 6. d5 Bxf3 7. exf3 Ne5 8. f4 Nd7 9. Bg2 a5 10. O-O Ngf6 11. Be3 b6 12. Bd4 O-O 13. Re1 Re8 14. Qd2 Nc5 15. Re2 Nh5 16. Rae1 Qd7 17. Bxg7 Nxg7 18. h4 h5 19. Kh2 Rad8 20. Bh3 Nf5 21. Nd1 e6 22. Ne3 Nxe3 23. Rxe3 Re7 24. b3 f5 25. Bg2 Kh7 26. dxe6 Rxe6 27. Bd5 Rxe3 28. Qxe3 Qg7 29. Qe7 Rd7 30. Qe8 Nd3 31. Re2 Nb4 32. Be6 Re7 33. Bg8+ Qxg8 34. Rxe7+ Kh8 35. Qd7 Nd3 36. Re8 Nc5 37. Rxg8+ 1-0

[Event "December 19 Late 2023"]
[Site "https://www.chess.com"]
[Date "2023.12.19"]
[Round "9"]
[White "Egorov, Konstantin"]
[Black "Marin Pincheira, Carlos"]
[Result "0-1"]
[Board "103"]
[TimeControl "180+1"]
[WhiteFideId "24154369"]
[BlackFideId "3407543"]
[WhiteElo "1878"]
[BlackElo "2080"]
[WhiteTeam "RUS"]
[BlackTeam "CHI"]
[WhiteClock "0:00:08"]
[BlackClock "0:00:26"]

1. d4 d5 2. c4 c6 3. Nf3 Nf6 4. Nc3 dxc4 5. a4 Bf5 6. Bf4 e6 7. e3 Bb4 8. Bxc4 O-O 9. O-O h6 10. Ne5 a5 11. f3 c5 12. e4 Bh7 13. Nb5 cxd4 14. Nd3 Nc6 15. Nxb4 axb4 16. Bd6 Re8 17. e5 Nd7 18. f4 Rc8 19. b3 Nb6 20. Nxd4 Nxd4 21. Qxd4 Nxc4 22. bxc4 b3 23. c5 Qa5 24. Rf3 Bc2 25. Rg3 Ra8 26. Ra3 Qe1# 0-1

[Event "December 19 Late 2023"]
[Site "https://www.chess.com"]
[Date "2023.12.19"]
[Round "9"]
[White "Nielsen, Viktor Haarmark"]
[Black "Stead, Kerry"]
[Result "1-0"]
[Board "104"]
[TimeControl "180+1"]
[WhiteFideId "1444492"]
[BlackFideId "3202577"]
[WhiteElo "2315"]
[BlackElo "1997"]
[WhiteTeam "DEN"]
[BlackTeam "AUS"]
[WhiteClock "0:01:00"]
[BlackClock "0:00:00"]

1. e4 e6 2. d4 d5 3. Nc3 Bb4 4. e5 c5 5. a3 Bxc3+ 6. bxc3 Qc7 7. Qg4 f5 8. Qg3 Nc6 9. Nf3 h6 10. h4 c4 11. Be2 Qf7 12. h5 Nge7 13. a4 Bd7 14. Ba3 O-O-O 15. Qf4 g5 16. hxg6 Nxg6 17. Qh2 Nb8 18. Bd6 Na6 19. Kd2 Bc6 20. a5 Nc7 21. Nh4 Nxh4 22. Qxh4 Qg6 23. g3 Qg5+ 24. f4 Qxh4 25. Rxh4 Rdg8 26. Rh3 Rg6 27. Ke3 Rhg8 28. Kf2 Nb5 29. Bb4 Nc7 30. Rah1 Na6 31. Be7 Kd7 32. Bf6 Ke8 33. Bh5 Kd7 34. Bxg6 Rxg6 35. Rxh6 Rxh6 36. Rxh6 Nc7 37. Rh7+ Kc8 38. Rh8+ Be8 39. Be7 Kd7 40. Bb4 Nb5 41. Kf3 a6 42. g4 1-0

[Event "December 19 Late 2023"]
[Site "https://www.chess.com"]
[Date "2023.12.19"]
[Round "9"]
[White "Seletsky, Grigory"]
[Black "Gumugama"]
[Result "1/2-1/2"]
[Board "105"]
[TimeControl "180+1"]
[WhiteFideId "14112191"]
[WhiteElo "2482"]
[BlackElo "2207"]
[WhiteTeam "UKR"]
[WhiteClock "0:00:21"]
[BlackClock "0:00:16"]

1. e4 c5 2. Nf3 d6 3. c3 Nf6 4. Bd3 d5 5. e5 Nfd7 6. O-O e6 7. Bc2 Nc6 8. d4 cxd4 9. cxd4 Qb6 10. Nc3 Be7 11. a3 f6 12. exf6 Nxf6 13. b4 O-O 14. Na4 Qc7 15. Nc5 b6 16. Nd3 Ne4 17. Be3 Bd6 18. Rc1 a6 19. Ba4 b5 20. Bb3 Bd7 21. Nde5 Qb7 22. Nxc6 Bxc6 23. Ne5 Rac8 24. f3 Nf6 25. Qd3 Be8 26. Rxc8 Qxc8 27. Rc1 Qb8 28. f4 Ne4 29. h3 Bxe5 30. fxe5 Bg6 31. Qe2 Qd8 32. Qe1 Qd7 33. Kh2 Rc8 34. Rxc8+ Qxc8 35. a4 h6 36. axb5 axb5 37. Qa1 Qc3 38. Qxc3 Nxc3 39. Kg1 Bd3 40. Kf2 Kf7 41. Ke1 Bc4 42. Kd2 Ne4+ 43. Kc2 Bxb3+ 44. Kxb3 Kg6 45. g4 h5 46. Kc2 h4 47. Kd3 Ng5 48. Bxg5 Kxg5 49. Ke3 Kh6 50. Kf4 g5+ 51. Kf3 Kg6 52. Ke3 Kh6 53. Kf3 Kg6 54. Ke3 Kh6 55. Kf3 1/2-1/2

[Event "December 19 Late 2023"]
[Site "https://www.chess.com"]
[Date "2023.12.19"]
[Round "9"]
[White "Demina, Marya"]
[Black "Pein, Jonathan"]
[Result "1/2-1/2"]
[Board "106"]
[TimeControl "180+1"]
[WhiteFideId "4195671"]
[BlackFideId "417092"]
[WhiteElo "1978"]
[BlackElo "2130"]
[WhiteTeam "RUS"]
[BlackTeam "ENG"]
[WhiteClock "0:00:15"]
[BlackClock "0:01:03"]

1. d4 Nf6 2. Nf3 g6 3. c4 Bg7 4. Nc3 O-O 5. e4 d6 6. Be2 Na6 7. O-O c5 8. Re1 Bg4 9. d5 Nc7 10. Bf4 a6 11. e5 Nh5 12. exd6 Nxf4 13. dxc7 Qxc7 14. h3 Nxe2+ 15. Qxe2 Bxf3 16. Qxf3 b5 17. cxb5 axb5 18. Nxb5 Qa5 19. Nc3 Rfb8 20. Rxe7 f5 21. d6 c4 22. Rb7 Rd8 23. Rd1 Qe5 24. Nb5 Rxa2 25. d7 Rxb2 1/2-1/2

[Event "December 19 Late 2023"]
[Site "https://www.chess.com"]
[Date "2023.12.19"]
[Round "9"]
[White "De Souza, Cristiano Gomes"]
[Black "Navyblue1"]
[Result "0-1"]
[Board "107"]
[TimeControl "180+1"]
[WhiteFideId "2151758"]
[WhiteElo "2068"]
[BlackElo "2144"]
[WhiteTeam "BRA"]
[WhiteClock "0:01:14"]
[BlackClock "0:00:09"]

1. d4 Nf6 2. c4 g6 3. Nf3 Bg7 4. Nc3 O-O 5. e4 d6 6. Be2 Nbd7 7. O-O e5 8. Be3 exd4 9. Nxd4 c6 10. Rc1 Re8 11. f3 d5 12. cxd5 cxd5 13. Qb3 dxe4 14. Bc4 Ne5 15. Rcd1 Nxc4 16. Qxc4 Qb6 17. Nf5 Qc6 18. Qxc6 bxc6 19. Nd6 Re7 20. fxe4 Ba6 21. Rf3 Ng4 22. Bg5 Rd7 23. h3 Ne5 24. Rf2 Nc4 25. Nxc4 Rxd1+ 26. Nxd1 Bxc4 27. b3 Bd3 28. Bf6 Bxe4 29. Bxg7 Kxg7 30. Nc3 Bd5 31. Rd2 Rd8 32. Kf2 Kf6 33. g4 Ke5 34. Ke3 f5 35. gxf5 gxf5 36. Ne2 Re8 37. Kf2 f4 38. Nc3 Rf8 39. Re2+ Kd6 40. Na4 Rg8 41. Kf1 f3 42. Rd2 Rg3 43. Nc3 Rxh3 44. Ne4+ Ke7 45. Ng5 Rh1+ 46. Kf2 Rh2+ 47. Ke3 Rxd2 48. Kxd2 h6 49. Nh3 Kf6 50. Ke3 Kf5 51. Nf2 h5 52. Nd3 h4 53. Kf2 Ke4 54. Nc5+ Kd4 55. Na4 a5 56. Nb6 Kc3 57. Nc8 Kb2 58. Ne7 Kxa2 59. Nxd5 cxd5 0-1

[Event "December 19 Late 2023"]
[Site "https://www.chess.com"]
[Date "2023.12.19"]
[Round "9"]
[White "Porat, Tori"]
[Black "Lutz, Igor Oscar"]
[Result "1-0"]
[Board "108"]
[TimeControl "180+1"]
[WhiteFideId "30982626"]
[BlackFideId "2110806"]
[WhiteElo "1693"]
[BlackElo "2102"]
[WhiteTeam "USA"]
[BlackTeam "BRA"]
[WhiteClock "0:00:27"]
[BlackClock "0:00:00"]

1. d4 d5 2. c4 c6 3. Nc3 Nf6 4. Nf3 e6 5. Bg5 Be7 6. e3 O-O 7. Bd3 dxc4 8. Bxc4 b5 9. Bb3 Nbd7 10. O-O Bb7 11. h3 a6 12. e4 c5 13. e5 Nd5 14. Bxd5 Bxd5 15. Bxe7 Qxe7 16. Nxd5 exd5 17. dxc5 Nxe5 18. b4 a5 19. Re1 Nxf3+ 20. Qxf3 Qd7 21. Rac1 axb4 22. c6 Qd6 23. Red1 Rxa2 24. Rxd5 Qe6 25. c7 Raa8 26. Rxb5 Rac8 27. Qf4 Qa6 28. Qxb4 g6 29. Rb8 Qe6 30. Rd1 Kg7 31. Qc3+ Kh6 32. Rd8 1-0

[Event "December 19 Late 2023"]
[Site "https://www.chess.com"]
[Date "2023.12.19"]
[Round "9"]
[White "Kniazev, Igor"]
[Black "Gerbelli Neto, Eduardo"]
[Result "0-1"]
[Board "109"]
[TimeControl "180+1"]
[WhiteFideId "4136349"]
[BlackFideId "2103281"]
[WhiteElo "1853"]
[BlackElo "2178"]
[WhiteTeam "RUS"]
[BlackTeam "BRA"]
[WhiteClock "0:00:17"]
[BlackClock "0:00:33"]

1. e4 e5 2. Nf3 Nc6 3. Bb5 a6 4. Bxc6 dxc6 5. Nc3 Bc5 6. O-O Bg4 7. h3 h5 8. d3 Qf6 9. Be3 Bd4 10. Bxd4 exd4 11. e5 Qh6 12. Ne4 Ne7 13. Qd2 Bxf3 14. Qxh6 Rxh6 15. gxf3 Nd5 16. c3 Nf4 17. cxd4 O-O-O 18. Kh2 Rxd4 19. Ng5 f6 20. exf6 gxf6 21. Ne4 Rxd3 22. Rad1 Rxf3 23. Nc5 Rxh3+ 0-1

[Event "December 19 Late 2023"]
[Site "https://www.chess.com"]
[Date "2023.12.19"]
[Round "9"]
[White "Kornyukov, Alexey"]
[Black "Harrington, Steve"]
[Result "1-0"]
[Board "110"]
[TimeControl "180+1"]
[WhiteFideId "4150457"]
[BlackFideId "2038730"]
[WhiteElo "2352"]
[BlackElo "2162"]
[WhiteTeam "RUS"]
[BlackTeam "USA"]
[WhiteClock "0:00:09"]
[BlackClock "0:00:00"]

1. d4 d5 2. c4 Nc6 3. cxd5 Qxd5 4. Nf3 e5 5. Nc3 Bb4 6. Bd2 Bxc3 7. Bxc3 exd4 8. Nxd4 Nxd4 9. e3 Nf6 10. Bxd4 Be6 11. Bxf6 Qxd1+ 12. Rxd1 gxf6 13. b3 a5 14. Bc4 a4 15. Bxe6 fxe6 16. b4 a3 17. Kd2 O-O 18. Kc3 Rf7 19. Kb3 f5 20. Rd4 e5 21. Rd5 Re7 22. Rhd1 Kf7 23. g3 Ke6 24. Rc5 c6 25. f4 exf4 26. exf4 Kf6 27. Rd6+ Re6 28. Rxe6+ Kxe6 29. Re5+ Kf6 30. b5 Rc8 31. Kxa3 cxb5 32. Rxb5 Rc2 33. h3 Rg2 34. Rb6+ Kg7 35. Rxb7+ Kg6 36. Rb3 Kf6 37. Rc3 Ke6 38. Kb3 Kd5 39. a4 Rg1 40. Kb4 Kd4 41. a5 Ra1 42. Ra3 Rb1+ 43. Rb3 Ra1 44. Kb5 1-0

[Event "December 19 Late 2023"]
[Site "https://www.chess.com"]
[Date "2023.12.19"]
[Round "9"]
[White "Golubenko, Valentina"]
[Black "Ivanov, Aleksandr"]
[Result "0-1"]
[Board "111"]
[TimeControl "180+1"]
[WhiteFideId "4501993"]
[BlackFideId "2092980"]
[WhiteElo "2126"]
[BlackElo "2133"]
[WhiteTeam "CRO"]
[BlackTeam "USA"]
[WhiteClock "0:00:09"]
[BlackClock "0:00:28"]

1. d4 d5 2. c4 e6 3. e3 c6 4. Nc3 Nf6 5. Nf3 Nbd7 6. Bd3 dxc4 7. Bxc4 b5 8. Bd3 a6 9. e4 c5 10. d5 Nb6 11. O-O Be7 12. dxe6 Bxe6 13. Ng5 Bg4 14. f3 Bd7 15. e5 Nfd5 16. Nxd5 Nxd5 17. Nxh7 Nb4 18. Be4 Rc8 19. a3 Nc6 20. f4 Nd4 21. Be3 Bc6 22. Bxc6+ Rxc6 23. Ng5 Bxg5 24. fxg5 O-O 25. Qg4 Nc2 26. Rad1 Nxe3 27. Rxd8 Nxg4 28. Rd7 Nxe5 29. Re7 Ng6 30. Ra7 c4 31. g3 Ne5 32. Kg2 Nd3 33. Rf3 Ne1+ 34. Kf2 Nxf3 35. Kxf3 Rd8 36. h4 g6 37. Kg4 Rcd6 0-1

[Event "December 19 Late 2023"]
[Site "https://www.chess.com"]
[Date "2023.12.19"]
[Round "9"]
[White "Merriman, John"]
[Black "Saim, Mohamed Ilias"]
[Result "1-0"]
[Board "112"]
[TimeControl "180+1"]
[WhiteFideId "402362"]
[BlackFideId "7900465"]
[WhiteElo "2207"]
[BlackElo "2063"]
[WhiteTeam "ENG"]
[BlackTeam "ALG"]
[WhiteClock "0:00:10"]
[BlackClock "0:00:24"]

1. d4 Nf6 2. c4 e6 3. Nc3 Bb4 4. e3 b6 5. Ne2 O-O 6. a3 Be7 7. d5 Bb7 8. Ng3 exd5 9. cxd5 d6 10. e4 Nbd7 11. Be2 a5 12. O-O Re8 13. Rb1 Bf8 14. f3 g6 15. Be3 Bg7 16. Bd4 Nc5 17. b4 axb4 18. axb4 Ncd7 19. Qd2 c5 20. bxc5 bxc5 21. Bxf6 Qxf6 22. Rxb7 Ne5 23. f4 Nd7 24. Rxd7 Qxc3 25. Qxc3 Bxc3 26. Rxd6 f5 27. e5 Bd4+ 28. Kh1 Ra2 29. Bc4 Rc2 30. Bb5 Rb8 31. Bc6 g5 32. e6 gxf4 33. e7 fxg3 34. Rd8+ Kg7 35. e8=Q Rf2 36. Qe7+ Kh6 37. Rd6+ Kh5 38. Qxh7+ Kg5 39. Rg6+ Kf4 40. hxg3+ Ke3 41. Rxf2 Kxf2 42. Qh5 Rb1+ 43. Kh2 Ke3 44. Qf3+ Kd2 45. Qf4+ Kc3 46. Qf3+ Kb4 47. Qxf5 Bg1+ 48. Kh3 Bd4 49. Qxb1+ 1-0

[Event "December 19 Late 2023"]
[Site "https://www.chess.com"]
[Date "2023.12.19"]
[Round "9"]
[White "Khokhlova, Daria"]
[Black "Reinecke, Katharina"]
[Result "1-0"]
[Board "113"]
[TimeControl "180+1"]
[WhiteFideId "24182729"]
[BlackFideId "12929727"]
[WhiteElo "2032"]
[BlackElo "1761"]
[WhiteTeam "FID"]
[BlackTeam "GER"]
[WhiteClock "0:00:05"]
[BlackClock "0:00:08"]

1. d4 d5 2. c4 c6 3. Nf3 Nf6 4. g3 Bg4 5. Ne5 Bf5 6. Nc3 e6 7. Bg2 Bd6 8. O-O O-O 9. Bf4 Ne4 10. f3 Nxc3 11. bxc3 f6 12. Nd3 dxc4 13. Bxd6 Qxd6 14. Nc5 b6 15. Na4 Nd7 16. e4 Bg6 17. Nb2 e5 18. Nxc4 Qe7 19. Ne3 Kh8 20. Qe2 Rfd8 21. Rfd1 Rac8 22. a4 c5 23. d5 Be8 24. Nc4 Nb8 25. Rdb1 f5 26. exf5 Rxd5 27. f4 Rcd8 28. Bxd5 Rxd5 29. fxe5 Nc6 30. Rd1 Rxd1+ 31. Rxd1 Bf7 32. e6 Be8 33. Nd6 h6 34. Nxe8 Qxe8 35. Qe4 Qh5 36. g4 Qg5 37. e7 Nxe7 38. Rd8+ Ng8 39. Kg2 Qxd8 40. Kg3 Qd1 41. Qe8 Qxa4 42. Qxa4 a5 43. Qb5 h5 44. Qxb6 hxg4 45. Kxg4 Kh7 46. Qxa5 Nf6+ 47. Kf3 Kh6 48. Qxc5 1-0

[Event "December 19 Late 2023"]
[Site "https://www.chess.com"]
[Date "2023.12.19"]
[Round "9"]
[White "Michalski, Olaf"]
[Black "Chiquitita23"]
[Result "0-1"]
[Board "114"]
[TimeControl "180+1"]
[WhiteFideId "1106740"]
[WhiteElo "2105"]
[BlackElo "1955"]
[WhiteTeam "POL"]
[WhiteClock "0:00:05"]
[BlackClock "0:00:55"]

1. d4 Nf6 2. c4 e6 3. Nf3 d5 4. Nc3 Be7 5. Bg5 h6 6. Bh4 dxc4 7. e3 c5 8. Bxc4 cxd4 9. exd4 Nc6 10. O-O O-O 11. Qd3 a6 12. a3 b5 13. Bb3 Bb7 14. Bc2 g6 15. Rad1 b4 16. Ne2 Nd5 17. Bxe7 Qxe7 18. a4 a5 19. Rfe1 Rac8 20. Qe4 Nf6 21. Qh4 Kg7 22. Bd3 Nd5 23. Qg3 b3 24. Ne5 Nxe5 25. dxe5 Nb4 26. Bb1 Nc2 27. Nf4 Nxe1 28. Nxg6 Qg5 29. Qxb3 Qxg2# 0-1

[Event "December 19 Late 2023"]
[Site "https://www.chess.com"]
[Date "2023.12.19"]
[Round "9"]
[White "Thake, Conrad"]
[Black "Guzman Lozano, Campo Elias"]
[Result "0-1"]
[Board "115"]
[TimeControl "180+1"]
[WhiteFideId "5602947"]
[BlackFideId "4403746"]
[WhiteElo "1662"]
[BlackElo "2099"]
[WhiteTeam "MLT"]
[BlackTeam "COL"]
[WhiteClock "0:00:56"]
[BlackClock "0:02:07"]

1. e4 c5 2. Nf3 Nc6 3. Bb5 e5 4. Bxc6 dxc6 5. O-O Bd6 6. d3 Ne7 7. Bg5 O-O 8. Nbd2 Be6 9. b3 Qd7 10. Nc4 f6 11. Bh4 Bc7 12. Ne3 b5 13. Qe2 Rad8 14. h3 Ng6 15. Bg3 Nf4 16. Bxf4 exf4 17. Nd1 Rfe8 18. a4 a6 19. Nb2 g5 20. Nh2 Qf7 21. axb5 axb5 22. Ra7 Rd7 23. Ng4 Kh8 24. Nd1 h5 25. Nh2 Qh7 26. f3 c4 27. bxc4 Bb6+ 0-1